 Dungeon Crawl Stone Soup version 0.31-a0-700-gf13585253f (webtiles) character file.

Game seed: 10349072171273634050

17103 qw the Marksgargoyle (level 12, -2/77 HPs)
             Began as a Gargoyle Hunter on Sept 7, 2023.
             Was an Elder of Okawaru.
             Killed from afar by a fire dragon (39 damage)
             ... with a blast of flame
             ... on level 2 of the Lair of Beasts.
             The game lasted 00:05:54 (10846 turns).

qw the Marksgargoyle (Gargoyle Hunter)             Turns: 10846, Time: 00:05:54

Health: -2/77      AC: 21    Str: 14    XL:     12   Next: 44%
Magic:  17/17      EV: 18    Int: 12    God:    Okawaru [****..]
Gold:   732        SH:  5    Dex: 17    Spells: 11/11 levels left

rFire   . . .        Y - +0 orcbow
rCold   . . .        (shield currently unavailable)
rNeg    + . .        q - +0 steam dragon scales
rPois   inf          a - +2 helmet
rElec   +            b - +1 cloak
rCorr   .            (no gloves)
SInv    .            (no boots)
Will    +....        o - amulet of reflection
Stlth   +++          k - ring of willpower
HPRegen 0.32/turn    (no ring)
MPRegen 0.15/turn

%: reflection
@: about to teleport, heroic
A: sickness immunity, AC +8, negative energy resistance 1, electricity
resistance, torment resistance 1, petrification resistance
a: Renounce Religion, Heroism, Finesse


You were on level 2 of the Lair of Beasts.
You worshipped Okawaru.
Okawaru was greatly pleased with you.
You visited 3 branches of the dungeon, and saw 13 of its levels.

You collected 732 gold pieces.


Innate Abilities, Weirdness & Mutations

You are immune to sickness and miasma.
Your stone body is resilient. (AC +8)
You are immune to poison.
You resist negative energy. (rN+)
You are resistant to electric shocks. (rElec)
You are resistant to unholy torment.
You are immune to petrification.


   Skills:
 - Level 10.1(15.1) Fighting
 + Level 15.4(20.4) Ranged Weapons
 - Level 4.1(9.1) Armour
 - Level 5.2(10.2) Dodging
 - Level 1.1(6.1) Stealth
 + Level 7.4 Invocations


You had 11 spell levels left.
You didn't know any spells.
Your spell library was empty.

Inventory:

Hand Weapons
 Y - a +0 orcbow (weapon)
Armour
 a - a +2 helmet (worn)
 b - a +1 cloak (worn)
 q - +0 steam dragon scales (worn)
Jewellery
 i - a ring of fire
 k - a ring of willpower (left hand)
 o - an amulet of reflection (around neck)
Scrolls
 e - a scroll of identify
Potions
 c - a potion of heal wounds
 d - a potion of mutation
 f - 5 potions of curing
 l - a potion of resistance
 n - a potion of might

Dungeon Overview and Level Annotations

Branches:
Dungeon (10/15)            Temple (1/1) D:4            Lair (2/5) D:10
  Swamp: Lair:2-3    Shoals: Lair:2-3     Snake: Lair:2-3    Spider: Lair:2-3
    Orc: D:9-12

Altars:
Ashenzari
Cheibriados
Dithmenos
Elyvilon
Fedhas
Gozag
Hepliaklqana
Kikubaaqudgha
Makhleb
Nemelex Xobeh
Okawaru
Qazlal
Ru
Sif Muna
Trog
Uskayaw
Vehumet
Wu Jian
Xom
Yredelemnul
Zin
The Shining One

Annotations:
Lair:2 exclusion: electric eel


Message History

The bolt of electricity hits you but does no damage.
You resist.
You shoot an arrow. The arrow hits the fire dragon!
The fire dragon is heavily wounded.
The electric eel shoots out a bolt of lightning at you!
The bolt of electricity misses you.
You shoot an arrow. The arrow hits the fire dragon.
The fire dragon is heavily wounded.
You shoot an arrow.
The arrow hits the fire dragon but does no damage.
The fire dragon is heavily wounded.
The electric eel shoots out a bolt of lightning at you!
The bolt of electricity misses you.
You shoot an arrow.
The arrow closely misses the fire dragon.
You shoot an arrow. The arrow hits the fire dragon!
The fire dragon is severely wounded.
The fire dragon bites you. You block the fire dragon's attack. x2
10842 ||| READING scroll of teleportation.
As you read the scroll of teleportation, it crumbles to dust.
You feel strangely unstable. The fire dragon closely misses you.
You block the fire dragon's attack.
The fire dragon tramples you but does no damage.
10843 ||| DRINKING 2 potions of heal wounds.
You feel much better. The fire dragon breathes flames at you.
The blast of flame misses you.
You shoot an arrow.
The arrow hits the fire dragon but does no damage.
The fire dragon is severely wounded.
The fire dragon completely misses you. The fire dragon misses you.
The fire dragon tramples you.
You hold your ground!
You shoot an arrow.
The arrow barely misses the fire dragon.
You shoot an arrow. The arrow hits the fire dragon!
The fire dragon is severely wounded.
The fire dragon breathes flames at you. The blast of flame hits you!!!
Ouch! That really hurt!
You die...

.........#
#.##
##.#.##.##
#..#
###...#.##
##.#
........<#
#.#
.....P...#
#.##
.........#
#..#
...P.#.#.#
##..##
.#.#..#..#
##....##
.........#
#.@....#
.........#
#.D....##
.........#
##.......#
.......
#........#
.#.#%.
#......~~#
#.##..
#.....~~~~#
.
#~..S~~~~~#
#~~~~~~.~~#
~~~~~~~...##


You could see a fire dragon (catching breath) and an electric eel.

Vanquished Creatures
  Pikel (D:4)
  5 elephants (Lair:1)
  Joseph (D:8)
  Maurice (D:8)
  A black mamba (Lair:1)
  Jeremiah (D:7)
  4 cane toads
  A rime drake (Lair:1)
  A kobold demonologist (D:10)
  An unseen horror (D:10)
  Psyche (D:8)
  Maggie (Lair:1)
  2 komodo dragons (Lair:1)
  A polar bear (Lair:1)
  A troll (D:7)
  A queen bee (shapeshifter) (D:9)
  8 blink frogs
  A shadow (D:10)
  2 wyverns
  2 wraiths
  16 yaks
  3 basilisks (Lair:1)
  A steam dragon (D:7)
  6 water moccasins
  4 black bears
  An orc warrior (D:6)
  2 ice beasts (D:5)
  A sky beast (D:7)
  4 wolves
  5 ogres
  2 centaurs (D:9)
  A phantom (D:5)
  14 bullfrogs
  7 kobold brigands
  4 scorpions
  3 killer bees (D:9)
  2 howler monkeys (D:10)
  A crimson imp (D:4)
  2 orc priests (D:6)
  3 hounds
  Jessica (D:2)
  A sleepcap (D:4)
  An iguana (D:4)
  11 orc wizards
  Robin (D:4)
  3 gnolls (D:3)
  4 adders
  3 white imps
  2 ufetubi (D:6)
  4 worms
  6 dart slugs
  35 orcs
  8 bats
  6 endoplasms
  4 giant cockroaches
  19 goblins
  8 hobgoblins
  4 jackals (D:5)
  26 kobolds
  7 quokkas
  7 ball pythons
  4 frilled lizards
  5 rats
289 creatures vanquished.

Notes
Turn   | Place    | Note
-------+----------+-------------------------------------------
     0 | D:1      | qw the Gargoyle Hunter began the quest for the Orb.
     0 | D:1      | Reached XP level 1. HP: 12/12 MP: 1/1
     0 | D:1      | 0 ||| qw: Version: 0.3-a-76-g4403597
     0 | D:1      | 0 ||| qw: Game counter: 539
     0 | D:1      | 0 ||| qw: Melee chars always use a shield: true
     0 | D:1      | 0 ||| qw: God list: Okawaru
     0 | D:1      | 0 ||| qw: Allow faded altars: false
     0 | D:1      | 0 ||| qw: Do Orc after clearing Dungeon:15 true
     0 | D:1      | 0 ||| qw: Do second Lair branch before Depths: true
     0 | D:1      | 0 ||| qw: Lair rune preference: random
     0 | D:1      | 0 ||| qw: Goals: Normal
     0 | D:1      | 0 ||| PLANNING D:1-11
    59 | D:1      | Reached XP level 2. HP: 17/17 MP: 2/2
   103 | D:1      | HP: 4/17 [kobold/+0 short sword (3)]
   287 | D:1      | Reached XP level 3. HP: 21/21 MP: 3/3
   300 | D:1      | Reached skill level 5 in Ranged Weapons
   498 | D:1      | 498 ||| UPGRADING to +0 ring mail.
   508 | D:1      | 508 ||| DROPPING +0 leather armour.
   509 | D:1      | 509 ||| READING scroll labelled ZUIGUTAREOX.
   510 | D:1      | 510 ||| READING 2 scrolls labelled LUCSE YVVYOMED.
   511 | D:1      | 511 ||| READING scroll labelled DUYSICZ RERAP.
   512 | D:1      | 512 ||| DROPPING scroll of butterflies.
   641 | D:2      | Reached skill level 1 in Armour
   849 | D:2      | Reached XP level 4. HP: 27/27 MP: 4/4
   853 | D:2      | Reached skill level 3 in Fighting
  1078 | D:2      | Noticed Jessica
  1083 | D:2      | Killed Jessica
  1122 | D:2      | 1122 ||| UPGRADING to +2 helmet.
  1127 | D:2      | 1127 ||| READING scroll labelled SOHOSTITEN.
  1128 | D:2      | 1128 ||| READING 2 scrolls of identify.
  1128 | D:2      | 1128 ||| IDENTIFYING sapphire potion
  1129 | D:2      | 1129 ||| DROPPING potion of attraction.
  1176 | D:3      | 1176 ||| Stepping ~*~*~tactically~*~*~ (retreating).
  1177 | D:3      | 1177 ||| Stepping ~*~*~tactically~*~*~ (retreating).
  1179 | D:3      | 1179 ||| Stepping ~*~*~tactically~*~*~ (retreating).
  1182 | D:3      | 1182 ||| Stepping ~*~*~tactically~*~*~ (retreating).
  1184 | D:3      | 1184 ||| Stepping ~*~*~tactically~*~*~ (retreating).
  1194 | D:3      | Reached XP level 5. HP: 20/32 MP: 5/5
  1281 | D:3      | Identified the +4 whip of Kumaby {freeze, SInv}
  1330 | D:3      | 1330 ||| READING 3 scrolls of identify.
  1330 | D:3      | 1330 ||| IDENTIFYING white potion
  1401 | D:3      | Reached skill level 6 in Ranged Weapons
  1735 | D:3      | Found a glowing silver altar of Zin.
  2123 | D:3      | 2123 ||| UPGRADING to ring of willpower.
  2124 | D:3      | 2124 ||| READING scroll labelled ZUGEFA SOCEOV.
  2125 | D:3      | 2125 ||| READING 2 scrolls labelled FOULANAKHE.
  2126 | D:3      | 2126 ||| READING 2 scrolls of identify.
  2126 | D:3      | 2126 ||| IDENTIFYING brown potion
  2127 | D:3      | 2127 ||| DROPPING scroll of blinking.
  2195 | D:4      | Found an opulent altar of Gozag.
  2271 | D:4      | Noticed Robin
  2288 | D:4      | Killed Robin
  2342 | D:4      | Found a white marble altar of Elyvilon.
  2363 | D:4      | Reached XP level 6. HP: 38/38 MP: 6/6
  2372 | D:4      | Found an ornate altar of the Wu Jian Council.
  2564 | D:4      | Noticed Pikel
  2565 | D:4      | 2565 ||| RETREATING.
  2574 | D:4      | Killed Pikel
  2575 | D:4      | Reached skill level 8 in Ranged Weapons
  2575 | D:4      | Reached XP level 7. HP: 35/43 MP: 7/7
  2614 | D:4      | Found a blossoming altar of Fedhas.
  2827 | D:4      | Reached XP level 8. HP: 49/49 MP: 8/8
  3002 | D:4      | Found a staircase to the Ecumenical Temple.
  3003 | D:4      | 3003 ||| PLANNING TEMPLE
  3005 | D:4      | 3005 ||| READING 4 scrolls of identify.
  3005 | D:4      | 3005 ||| IDENTIFYING golden potion
  3006 | D:4      | 3006 ||| READING 3 scrolls of identify.
  3006 | D:4      | 3006 ||| IDENTIFYING sedimented grey potion
  3007 | D:4      | 3007 ||| READING 2 scrolls of identify.
  3007 | D:4      | 3007 ||| IDENTIFYING lumpy black potion
  3008 | D:4      | 3008 ||| DROPPING potion of invisibility.
  3017 | Temple   | Entered the Ecumenical Temple
  3018 | Temple   | 3018 ||| PLANNING OKAWARU WORSHIP
  3035 | Temple   | Became a worshipper of Warmaster Okawaru
  3036 | Temple   | 3036 ||| PLANNING D:1-11
  3289 | D:5      | Entered Level 5 of the Dungeon
  3619 | D:5      | Reached skill level 9 in Ranged Weapons
  3660 | D:5      | Reached * piety under Okawaru
  3661 | D:5      | Reached skill level 6 in Fighting
  3729 | D:5      | 3729 ||| INVOKING Heroism.
  3730 | D:5      | 3730 ||| INVOKING Heroism.
  3739 | D:5      | Reached skill level 1 in Invocations
  3810 | D:5      | 3810 ||| INVOKING Heroism.
  4114 | D:5      | 4114 ||| READING scroll labelled ZAUFUI ISUCURU.
  4160 | D:6      | Reached XP level 9. HP: 49/55 MP: 9/11
  4195 | D:6      | Found a snail-covered altar of Cheibriados.
  4274 | D:6      | Reached skill level 3 in Invocations
  4313 | D:6      | 4313 ||| INVOKING Heroism.
  4324 | D:6      | 4324 ||| Stepping ~*~*~tactically~*~*~ (retreating).
  4331 | D:6      | 4331 ||| INVOKING Heroism.
  4691 | D:6      | 4691 ||| READING scroll labelled EWIXEE LINNETS.
  4696 | D:7      | 4696 ||| INVOKING Heroism.
  4697 | D:7      | 4697 ||| STAIRDANCE
  4705 | D:6      | Reached skill level 10 in Ranged Weapons
  4712 | D:7      | 4712 ||| STAIRDANCE
  4748 | D:7      | 4748 ||| STAIRDANCE
  4782 | D:7      | 4782 ||| INVOKING Heroism.
  4795 | D:7      | 4795 ||| STAIRDANCE
  5004 | D:7      | Noticed a troll
  5005 | D:7      | 5005 ||| Stepping ~*~*~tactically~*~*~ (retreating).
  5009 | D:7      | 5009 ||| INVOKING Heroism.
  5010 | D:7      | 5010 ||| RETREATING.
  5014 | D:7      | 5014 ||| Stepping ~*~*~tactically~*~*~ (retreating).
  5015 | D:7      | 5015 ||| Stepping ~*~*~tactically~*~*~ (retreating).
  5016 | D:7      | 5016 ||| Stepping ~*~*~tactically~*~*~ (retreating).
  5017 | D:7      | 5017 ||| Stepping ~*~*~tactically~*~*~ (retreating).
  5018 | D:7      | 5018 ||| Stepping ~*~*~tactically~*~*~ (retreating).
  5020 | D:7      | 5020 ||| Stepping ~*~*~tactically~*~*~ (retreating).
  5030 | D:7      | Killed a troll
  5031 | D:7      | 5031 ||| INVOKING Heroism.
  5069 | D:7      | 5069 ||| INVOKING Heroism.
  5315 | D:7      | Reached skill level 11 in Ranged Weapons
  5398 | D:7      | 5398 ||| INVOKING Heroism.
  5441 | D:7      | 5441 ||| Stepping ~*~*~tactically~*~*~ (outnumbered).
  5449 | D:7      | Reached skill level 3 in Dodging
  5482 | D:7      | 5482 ||| Stepping ~*~*~tactically~*~*~ (outnumbered).
  5485 | D:7      | 5485 ||| DRINKING 5 potions of curing.
  5485 | D:7      | 5485 ||| (to cure confusion)
  5492 | D:7      | Reached skill level 3 in Armour
  5495 | D:7      | 5495 ||| FLEEEEING.
  5496 | D:7      | 5496 ||| FLEEEEING.
  5497 | D:7      | 5497 ||| FLEEEEING.
  5498 | D:7      | 5498 ||| FLEEEEING.
  5499 | D:7      | 5499 ||| FLEEEEING.
  5500 | D:7      | 5500 ||| FLEEEEING.
  5501 | D:7      | 5501 ||| FLEEEEING.
  5502 | D:7      | 5502 ||| FLEEEEING.
  5503 | D:7      | 5503 ||| FLEEEEING.
  5504 | D:7      | 5504 ||| FLEEEEING.
  5505 | D:7      | 5505 ||| FLEEEEING.
  5506 | D:7      | 5506 ||| FLEEEEING.
  5507 | D:7      | 5507 ||| FLEEEEING.
  5508 | D:7      | 5508 ||| FLEEEEING.
  5509 | D:7      | 5509 ||| FLEEEEING.
  5510 | D:7      | 5510 ||| FLEEEEING.
  5511 | D:7      | 5511 ||| FLEEEEING.
  5512 | D:7      | 5512 ||| FLEEEEING.
  5513 | D:7      | 5513 ||| FLEEEEING.
  5514 | D:7      | 5514 ||| FLEEEEING.
  5515 | D:7      | 5515 ||| FLEEEEING.
  5516 | D:7      | 5516 ||| FLEEEEING.
  5517 | D:7      | 5517 ||| FLEEEEING.
  5518 | D:7      | 5518 ||| FLEEEEING.
  5519 | D:7      | 5519 ||| FLEEEEING.
  5520 | D:7      | 5520 ||| FLEEEEING.
  5521 | D:7      | 5521 ||| FLEEEEING.
  5522 | D:7      | 5522 ||| FLEEEEING.
  5523 | D:7      | 5523 ||| FLEEEEING.
  5597 | D:7      | Noticed Jeremiah
  5599 | D:7      | 5599 ||| FLEEEEING.
  5611 | D:7      | 5611 ||| FLEEEEING.
  5612 | D:7      | 5612 ||| FLEEEEING.
  5613 | D:7      | 5613 ||| FLEEEEING.
  5614 | D:7      | 5614 ||| FLEEEEING.
  5615 | D:7      | 5615 ||| FLEEEEING.
  5616 | D:7      | 5616 ||| FLEEEEING.
  5628 | D:7      | 5628 ||| INVOKING Heroism.
  5637 | D:7      | 5637 ||| READING scroll labelled OTOEG ASEHEOR.
  5643 | D:7      | HP: 12/57 [Jeremiah/divine providence (10)]
  5644 | D:7      | 5644 ||| DRINKING potion of heal wounds.
  5645 | D:7      | Killed Jeremiah
  5646 | D:7      | Reached XP level 10. HP: 42/64 MP: 13/13
  5811 | D:7      | 5811 ||| READING scroll labelled CESUV DEPLUOVE.
  5912 | D:7      | 5912 ||| READING 2 scrolls of identify.
  5912 | D:7      | 5912 ||| IDENTIFYING bubbling coppery potion
  5913 | D:7      | 5913 ||| DROPPING potion of lignification.
  6110 | D:8      | Found a hide-covered altar of Uskayaw.
  6153 | D:8      | Noticed Psyche
  6154 | D:8      | 6154 ||| INVOKING Heroism.
  6171 | D:8      | Killed Psyche
  6218 | D:8      | Noticed Joseph
  6219 | D:8      | 6219 ||| Stepping ~*~*~tactically~*~*~ (retreating).
  6220 | D:8      | 6220 ||| Stepping ~*~*~tactically~*~*~ (retreating).
  6232 | D:8      | Killed Joseph
  6232 | D:8      | Reached ** piety under Okawaru
  6359 | D:8      | Reached skill level 12 in Ranged Weapons
  6364 | D:8      | Noticed Maurice
  6382 | D:8      | Killed Maurice
  6487 | D:8      | Found a shimmering blue altar of Sif Muna.
  6677 | D:8      | Identified the staff of True Grit {Str+3 Earth}
  6678 | D:8      | 6678 ||| UPGRADING to +1 cloak.
  6683 | D:8      | 6683 ||| UPGRADING to +1 robe of willpower.
  6693 | D:8      | 6693 ||| READING scroll labelled JIEVEUVEEDE.
  6697 | D:8      | 6697 ||| READING 2 scrolls of identify.
  6697 | D:8      | 6697 ||| IDENTIFYING murky puce potion
  6698 | D:8      | 6698 ||| DROPPING potion of degeneration.
  6772 | D:9      | 6772 ||| INVOKING Heroism.
  6870 | D:9      | 6870 ||| SWAPPING to +0 orcbow.
  6871 | D:9      | 6871 ||| DROPPING +0 heavy shortbow.
  6931 | D:9      | Identified the +0 chain mail of Eternal Vigilance {MP+9
                  | Str+2}
  6960 | D:9      | 6960 ||| INVOKING Heroism.
  7201 | D:9      | 7201 ||| RETREATING.
  7208 | D:9      | 7208 ||| Stepping ~*~*~tactically~*~*~ (retreating).
  7209 | D:9      | 7209 ||| Stepping ~*~*~tactically~*~*~ (retreating).
  7213 | D:9      | 7213 ||| Stepping ~*~*~tactically~*~*~ (retreating).
  7216 | D:9      | 7216 ||| Stepping ~*~*~tactically~*~*~ (retreating).
  7223 | D:9      | 7223 ||| INVOKING Heroism.
  7236 | D:9      | Reached skill level 13 in Ranged Weapons
  7388 | D:9      | 7388 ||| RETREATING.
  7390 | D:9      | 7390 ||| RETREATING.
  7392 | D:9      | 7392 ||| RETREATING.
  7394 | D:9      | 7394 ||| Stepping ~*~*~tactically~*~*~ (retreating).
  7410 | D:9      | 7410 ||| INVOKING Heroism.
  7415 | D:9      | Reached *** piety under Okawaru
  7416 | D:9      | 7416 ||| FLEEEEING.
  7417 | D:9      | 7417 ||| FLEEEEING.
  7418 | D:9      | 7418 ||| FLEEEEING.
  7420 | D:9      | 7420 ||| FLEEEEING.
  7427 | D:9      | Reached skill level 9 in Fighting
  7434 | D:9      | Reached XP level 11. HP: 33/71 MP: 14/14
  7632 | D:9      | Found a radiant altar of Vehumet.
  7755 | D:9      | 7755 ||| UPGRADING to amulet of reflection.
  7760 | D:9      | 7760 ||| DROPPING +6 ring of intelligence.
  7761 | D:9      | 7761 ||| DROPPING ring of flight.
  7762 | D:9      | 7762 ||| DRINKING 2 emerald potions.
  7792 | D:10     | Entered Level 10 of the Dungeon
  7804 | D:10     | 7804 ||| Stepping ~*~*~tactically~*~*~ (retreating).
  7810 | D:10     | 7810 ||| INVOKING Heroism.
  7929 | D:10     | 7929 ||| INVOKING Heroism.
  8037 | D:10     | 8037 ||| INVOKING Heroism.
  8069 | D:10     | 8069 ||| FLEEEEING.
  8070 | D:10     | 8070 ||| FLEEEEING.
  8071 | D:10     | 8071 ||| FLEEEEING.
  8072 | D:10     | 8072 ||| FLEEEEING.
  8073 | D:10     | 8073 ||| FLEEEEING.
  8074 | D:10     | 8074 ||| FLEEEEING.
  8075 | D:10     | 8075 ||| FLEEEEING.
  8076 | D:10     | 8076 ||| FLEEEEING.
  8077 | D:10     | 8077 ||| FLEEEEING.
  8078 | D:10     | 8078 ||| FLEEEEING.
  8079 | D:10     | 8079 ||| FLEEEEING.
  8080 | D:10     | 8080 ||| FLEEEEING.
  8081 | D:10     | 8081 ||| FLEEEEING.
  8082 | D:10     | 8082 ||| FLEEEEING.
  8084 | D:10     | 8084 ||| FLEEEEING.
  8085 | D:10     | 8085 ||| FLEEEEING.
  8086 | D:10     | 8086 ||| FLEEEEING.
  8087 | D:10     | 8087 ||| FLEEEEING.
  8088 | D:10     | 8088 ||| FLEEEEING.
  8089 | D:10     | 8089 ||| FLEEEEING.
  8090 | D:10     | 8090 ||| FLEEEEING.
  8091 | D:10     | 8091 ||| STAIRDANCE
  8176 | D:10     | 8176 ||| STAIRDANCE
  8183 | D:9      | 8183 ||| INVOKING Heroism.
  8307 | D:10     | 8307 ||| STAIRDANCE
  8352 | D:10     | Reached skill level 14 in Ranged Weapons
  8493 | D:10     | 8493 ||| Stepping ~*~*~tactically~*~*~ (outnumbered).
  8764 | D:10     | Found a staircase to the Lair.
  9021 | D:10     | 9021 ||| PLANNING LAIR
  9053 | Lair:1   | Entered Level 1 of the Lair of Beasts
  9059 | Lair:1   | 9059 ||| INVOKING Heroism.
  9085 | Lair:1   | 9085 ||| INVOKING Heroism.
  9135 | Lair:1   | 9135 ||| INVOKING Heroism.
  9165 | Lair:1   | 9165 ||| FLEEEEING.
  9166 | Lair:1   | 9166 ||| INVOKING Heroism.
  9204 | Lair:1   | 9204 ||| INVOKING Heroism.
  9249 | Lair:1   | 9249 ||| RETREATING.
  9252 | Lair:1   | 9252 ||| INVOKING Heroism.
  9253 | Lair:1   | 9253 ||| Stepping ~*~*~tactically~*~*~ (retreating).
  9271 | Lair:1   | Reached **** piety under Okawaru
  9342 | Lair:1   | 9342 ||| INVOKING Heroism.
  9346 | Lair:1   | 9346 ||| Stepping ~*~*~tactically~*~*~ (retreating).
  9353 | Lair:1   | 9353 ||| Stepping ~*~*~tactically~*~*~ (retreating).
  9354 | Lair:1   | 9354 ||| Stepping ~*~*~tactically~*~*~ (retreating).
  9363 | Lair:1   | 9363 ||| Stepping ~*~*~tactically~*~*~ (retreating).
  9364 | Lair:1   | 9364 ||| Stepping ~*~*~tactically~*~*~ (retreating).
  9370 | Lair:1   | 9370 ||| INVOKING Heroism.
  9397 | Lair:1   | HP: 12/72 [elephant (9)]
  9407 | Lair:1   | HP: 11/72 [blink frog (3)]
  9414 | Lair:1   | Reached XP level 12. HP: 14/77 MP: 15/15
  9445 | Lair:1   | 9445 ||| INVOKING Heroism.
  9454 | Lair:1   | HP: 14/77 [basilisk (12)]
  9677 | Lair:1   | Reached skill level 15 in Ranged Weapons
  9681 | Lair:1   | 9681 ||| Stepping ~*~*~tactically~*~*~ (retreating).
  9683 | Lair:1   | 9683 ||| Stepping ~*~*~tactically~*~*~ (retreating).
  9684 | Lair:1   | 9684 ||| Stepping ~*~*~tactically~*~*~ (retreating).
  9685 | Lair:1   | 9685 ||| Stepping ~*~*~tactically~*~*~ (retreating).
  9686 | Lair:1   | 9686 ||| Stepping ~*~*~tactically~*~*~ (retreating).
  9687 | Lair:1   | 9687 ||| Stepping ~*~*~tactically~*~*~ (retreating).
  9688 | Lair:1   | 9688 ||| Stepping ~*~*~tactically~*~*~ (retreating).
  9689 | Lair:1   | 9689 ||| Stepping ~*~*~tactically~*~*~ (retreating).
  9690 | Lair:1   | 9690 ||| Stepping ~*~*~tactically~*~*~ (retreating).
  9691 | Lair:1   | 9691 ||| Stepping ~*~*~tactically~*~*~ (retreating).
  9719 | Lair:1   | 9719 ||| INVOKING Heroism.
  9969 | Lair:1   | Noticed Maggie
  9987 | Lair:1   | Killed Maggie
  9988 | Lair:1   | Reached skill level 6 in Invocations
 10013 | Lair:1   | 10013 ||| INVOKING Heroism.
 10152 | Lair:1   | 10152 ||| INVOKING Heroism.
 10276 | Lair:1   | 10276 ||| DROPPING +0 ring mail.
 10277 | Lair:1   | 10277 ||| UPGRADING to +0 steam dragon scales.
 10287 | Lair:1   | 10287 ||| DROPPING +1 robe of willpower.
 10288 | Lair:1   | 10288 ||| READING scroll labelled ORPHIG BEMNYE.
 10289 | Lair:1   | 10289 ||| READING 2 scrolls of identify.
 10289 | Lair:1   | 10289 ||| IDENTIFYING sedimented cyan potion
 10290 | Lair:1   | 10290 ||| DROPPING potion of brilliance.
 10310 | Lair:2   | 10310 ||| STAIRDANCE
 10335 | Lair:2   | 10335 ||| STAIRDANCE
 10358 | Lair:1   | 10358 ||| INVOKING Heroism.
 10447 | Lair:2   | 10447 ||| INVOKING Heroism.
 10451 | Lair:2   | 10451 ||| STAIRDANCE
 10463 | Lair:2   | 10463 ||| STAIRDANCE
 10510 | Lair:2   | 10510 ||| STAIRDANCE
 10771 | Lair:2   | 10771 ||| INVOKING Heroism.
 10827 | Lair:2   | Noticed a fire dragon
 10828 | Lair:2   | 10828 ||| INVOKING Heroism.
 10841 | Lair:2   | HP: 16/77 [fire dragon (6)]
 10842 | Lair:2   | 10842 ||| READING scroll of teleportation.
 10843 | Lair:2   | 10843 ||| DRINKING 2 potions of heal wounds.
 10846 | Lair:2   | Killed from afar by a fire dragon

Levels and vault maps discovered:
D:1:      minmay_arrival_arboretum_small, layout_rooms
D:2:      layout_loops_ring, nicolae_the_louvre, uniq_jessica
D:3:      minmay_inner_zag, layout_loops_corners, general_overflow_altar,
          chequers_serial_rivers_marsh
D:4:      layout_basic, nicolae_gozag_seed_capital, lemuel_doored_altar,
          elyvilon_altar_4, fedhas_altar_2, minmay_temple_entry_statues_pillars,
          chequers_serial_rivers_micro_b, minmay_fire_ice_demons, uniq_robin,
          uniq_pikel
D:5:      layout_basic, nicolae_twisty_statue_hallways
D:6:      layout_rooms, cheibriados_altar_1, roderic_serpentine_path
D:7:      layout_basic, uniq_jeremiah
D:8:      layout_gridville, mainiacjoe_overflow_concentric_impassable,
          mainiacjoe_overflow_24_doors, amcnicky_mini_pool_small, uniq_maurice,
          uniq_joseph, uniq_psyche
D:9:      layout_basic, mainiacjoe_overflow_tiny_flanked, minmay_three_doors
D:10:     layout_irregular_city, due_lair_maze_entry_diamond
Temple:   nicolae_temple_god_jail
Lair:1:   layout_misc_corridors, uniq_maggie
Lair:2:   dragon1_lemuel, layout_long_grid

Skill      XL: |  1  2  3  4  5  6  7  8  9 10 11 12 |
---------------+-------------------------------------+-----
Ranged Weapons | 5 6 8 9 11 13 14 15 | 15.4
Armour         | 1 2 3 4 |  4.1
Fighting       | 3 4 5 6 8 9 10 | 10.1
Dodging        | 2 3 4 5 |  5.2
Invocations    | 2 4 5 7 |  7.4
Stealth        | |  1.1

Action                     |  1- 3 |  4- 6 |  7- 9 | 10-12 || total
---------------------------+-------+-------+-------+-------++-------
   Fire: Shortbow          |   129 |   210 |   265 |   104 ||   708
         Orcbow            |       |       |       |   747 ||   747
 Invoke: Heroism           |       |       |    11 |    25 ||    36
    Use: Scroll            |     3 |     6 |     6 |     7 ||    22
         Potion            |       |       |     2 |     2 ||     4
 Armour: Leather armour    |    37 |       |       |       ||    37
         Ring mail         |     6 |   108 |   143 |    27 ||   284
         Robe              |       |       |       |   239 ||   239
         Steam dragon scal |       |       |       |    60 ||    60
  Dodge: Dodged            |    21 |    92 |   132 |   356 ||   601
  Block: Other             |       |       |       |    91 ||    91

Table legend:
 A = Non-vault XP
 B = Vault XP
 C = Vault XP percentage of total XP
 D = Non-vault monster count
 E = Vault monster count
 F = Vault count percentage of total count
                 A         B        C        D         E       F
            +---------+---------+-------+---------+---------+-------
      Total |   19537 |    4897 |  20.0 |     249 |      40 |  13.8
            +---------+---------+-------+---------+---------+-------
        D:1 |      59 |       0 |   0.0 |      35 |       0 |   0.0
        D:2 |      36 |      37 |  50.7 |      15 |       1 |   6.2
        D:3 |     109 |      18 |  14.2 |      23 |       4 |  14.8
        D:4 |     251 |     763 |  75.2 |      13 |      17 |  56.7
        D:5 |     961 |       0 |   0.0 |      20 |       0 |   0.0
        D:6 |     786 |       0 |   0.0 |      18 |       0 |   0.0
        D:7 |    1252 |     436 |  25.8 |      27 |       1 |   3.6
        D:8 |     501 |    1334 |  72.7 |      14 |       3 |  17.6
        D:9 |    2231 |     919 |  29.2 |      18 |       5 |  21.7
       D:10 |    1994 |    1034 |  34.1 |      22 |       8 |  26.7
     Lair:1 |    9626 |     356 |   3.6 |      37 |       1 |   2.6
     Lair:2 |    1731 |       0 |   0.0 |       7 |       0 |   0.0
            +---------+---------+-------+---------+---------+-------
